Map: Ulrena

Players

lesha

  • Race: Terran Terran
  • League: Silver

Archospace - Winner!

  • Race: Terran Terran
  • League: Silver

VOD

Have the link to the VOD?

Description

Time

  • Played on: Dec. 17, 2015, 9:44 a.m.
  • Length: 8:09
Show
View Real Time Build Order
Export as new Build Order

lesha Terran 

Build Orders:  

Get SALT Encoding   

  12  0:01  SCV  
  13  0:14  SCV  
  14  0:18  Supply Depot  
  15  0:28  SCV  
  15  0:40  SCV  
  16  0:43  Barracks  
  16  0:52  SCV  
  16  0:55  Refinery  
  17  1:04  SCV  
  18  1:16  SCV  
  19  1:29  SCV  
  20  1:36  Command Center  
  20  1:42  Reaper  
  20  1:45  Orbital Command  
  21  1:55  Refinery  
  21  2:13  SCV  
  22  2:16  Factory  
  22  2:17  Marine  
  23  2:45  Supply Depot, Barracks  
  23  2:48  SCV, Marine  
  25  3:00  SCV  
  26  3:12  SCV  
  27  3:13  Marine  
  27  3:15  SCV  
  29  3:24  SCV  
  30  3:27  SCV  
  31  3:36  SCV  
  31  3:37  Starport  
  31  3:38  Factory Reactor  
  31  3:39  SCV, Barracks Reactor  
  33  3:47  Barracks Tech Lab  
  32  3:48  SCV  
  33  4:04  Orbital Command  
  33  4:07  SCV  
  34  4:11  Barracks Tech Lab  
  34  4:16  Starport Reactor  
  34  4:19  SCV  
  35  4:24  Marine x2  
  35  4:28  Hellion x2  
  42  4:31  SCV  
  42  4:36  Marauder  
  44  4:43  SCV  
  44  4:45  Barracks  
  45  4:48  Supply Depot, Barracks  
  45  4:49  Marine  
  45  4:50  Supply Depot  
  46  5:07  Engineering Bay  
  46  5:08  Engineering Bay  
  46  5:09  Marine  
  46  5:11  Supply Depot, Hellion x2  
  46  5:12  Medivac x2  
  46  5:13  Supply Depot  
  55  5:14  Marine x2  
  57  5:27  Marine  
  58  5:32  Marine  
  58  5:33  Marauder  
  58  5:35  SCV x2  
  63  5:40  Refinery  
  63  5:41  Supply Depot  
  63  5:46  Supply Depot, Refinery  
  63  5:47  SCV x2  
  65  5:50  Marine x2  
  67  6:02  Barracks Reactor  
  67  6:03  Barracks Reactor  
  65  6:05  Hellion x2  
  65  6:06  Medivac x2  
  65  6:10  Marine x2  
  75  6:12  Marauder  
  77  6:21  SCV x2  
  79  6:33  SCV x2  
  77  6:45  SCV  
  78  6:48  Marine x4  
  78  6:49  Marine x2  
  78  6:50  Marauder  
  86  7:07  Command Center  
  86  7:13  Marine x6  
  86  7:14  Marine  
  93  7:27  Medivac  
  94  7:45  SCV x2, Marine  
  93  7:57  SCV  
Show
View Real Time Build Order
Export as new Build Order

Archospace Terran - Winner!

Build Orders: Reaper Expand 

Get SALT Encoding   

  12  0:00  SCV  
  13  0:12  SCV  
  14  0:18  Supply Depot  
  14  0:25  SCV  
  15  0:40  SCV  
  15  0:42  Barracks  
  16  0:45  Refinery  
  16  0:52  SCV  
  17  1:04  SCV  
  18  1:16  SCV  
  19  1:29  Orbital Command  
  19  1:30  Supply Depot, Reaper  
  20  1:50  Command Center  
  20  1:55  SCV  
  21  2:05  Factory  
  21  2:12  SCV, Refinery  
  22  2:27  Barracks Reactor  
  22  2:33  SCV  
  22  2:51  Engineering Bay  
  22  2:57  Engineering Bay  
  22  2:58  Factory Tech Lab  
  22  3:03  Marine x2  
  23  3:06  Orbital Command  
  21  3:31  Marine  
  21  3:32  Marine  
  21  3:33  SCV x2  
  25  3:37  Siege Tank  
  28  3:45  SCV x2, Missile Turret  
  30  3:54  Marine x2  
  32  3:59  Starport  
  32  4:03  Missile Turret  
  32  4:09  SCV  
  33  4:10  SCV  
  33  4:11  Marine x2  
  33  4:14  Terran Infantry Weapons Level 1, Terran Infantry Armor Level 1  
  36  4:24  SCV  
  36  4:27  SCV  
  38  4:32  Marine x2  
  38  4:36  Starport Reactor  
  38  4:37  SCV  
  41  4:39  SCV  
  41  4:41  Siege Tank  
  45  4:50  SCV  
  46  4:58  Supply Depot  
  46  5:03  Supply Depot  
  46  5:14  Supply Depot x2  
  46  5:15  Supply Depot  
  46  5:19  Marine x2  
  46  5:20  SCV x2  
  50  5:24  Liberator  
  50  5:25  Refinery  
  50  5:32  SCV x2  
  52  5:37  Marine x2  
  52  5:40  Barracks  
  52  5:42  Barracks  
  57  5:44  SCV x2, Medivac  
  61  5:55  Marine x2  
  61  5:57  SCV x2  
  65  6:07  Supply Depot  
  65  6:09  SCV x2  
  69  6:12  Supply Depot  
  69  6:13  Siege Tank, Marine x2  
  69  6:14  Medivac  
  74  6:29  Refinery  
  74  6:31  Marine x2  
  76  6:37  Armory  
  76  6:45  SCV x2  
  78  6:48  Barracks Reactor, Barracks Tech Lab  
  78  6:49  Marine x2  
  80  6:57  SCV x2  
  82  7:07  Medivac x2, Marine x2  
  88  7:09  SCV x2  
  88  7:10  Marauder  
  92  7:21  SCV x2  
  94  7:25  Marine x2  
  96  7:31  Marauder  
  98  7:37  SCV x2  
  98  7:38  Marine  
  98  7:39  Marine  
  102  7:54  Barracks  
  102  7:55  Barracks  
  102  7:59  Missile Turret  
Tags
 
Matchup
TvT
Race
Terran
Add a new tag
Caveats
  • Supply blocks, unpowered buildings, or Contaminate may cause inaccurate times.
  • Supply counts are checked every 10 seconds.